[Event "*** Titled Tuesday Blitz"]
[Site "Chess.com"]
[Date "2021.04.06"]
[Round "7"]
[White "MerryPoppies"]
[Black "dpopadic"]
[Result "1-0"]
[WhiteElo "2156"]
[BlackElo "2301"]
[TimeControl "180+1"]
[EndTime "11:17:57 PDT"]
[Termination "MerryPoppies won on time"]

1. d4 Nf6 2. c4 g6 3. Nc3 Bg7 4. Nf3 d6 5. e4 O-O 6. h3 e5 7. d5 a5 8. Be3 Na6 9. Rb1 Nh5 10. g4 Nf4 11. Ne2 Nxe2 12. Bxe2 Nc5 13. Bxc5 dxc5 14. Qd2 Bd7 15. g5 f5 16. gxf6 Qxf6 17. h4 Bg4 18. Ng5 Qxf2+ 19. Kd1 Bxe2+ 20. Qxe2 Qd4+ 21. Ke1 Rf4 22. Rd1 Bh6 23. Rxd4 cxd4 24. Ne6 Rf7 25. Rf1 Bf4 26. Nxf4 exf4 27. Qd3 c5 28.
dxc6 Rd8 29. cxb7 Rxb7 30. b3 Rf7 31. c5 Kg7 32. Ke2 h6 33. Kf3 g5 34. Rg1 Rh8 35.
Qxd4+ 1-0

[Event "*** Titled Tuesday Blitz"]
[Site "Chess.com"]
[Date "2021.04.06"]
[Round "7"]
[White "Vincent_Vega95"]
[Black "MaevskiyNikolay"]
[Result "1-0"]
[WhiteElo "2711"]
[BlackElo "2564"]
[TimeControl "180+1"]
[EndTime "11:17:58 PDT"]
[Termination "Vincent_Vega95 won by resignation"]

1. Nf3 Nc6 2. g3 d5 3. d4 Bf5 4. Bg2 Nb4 5. Na3 e6 6. c3 Na6 7.
b4 c6 8. O-O Nf6 9. Bg5 Be7 10.
Bxf6 Bxf6 11. Nd2 O-O 12. e4 dxe4 13. Bxe4 Bxe4 14. Nxe4 Nc7 15. Re1 Nd5 16. Qf3 Be7 17. Nc4 b6 18. a4 Qc7 19. h4 c5 20. dxc5 bxc5 21. b5 Rab8 22. Reb1 f5 23. Ned2 Bf6 24.
Ra3 Qd7 25. Na5 e5 26. Nc6 Rbc8 27. Qd3 e4 28. Qc4 Qf7 29. Nf1 Rfe8 30. Rd1 Nb6 31. Qxf7+ Kxf7 32. Ne3 Rc7 33. a5 Nc8 34. Nxf5 Re6 35.
c4 Rexc6 36. bxc6 Rxc6 37. Rb3 g6 38. Rb7+ Ke6 39. Ne3 Be7 40. Rdd7 Ra6 41. Rdc7 Nd6 42. Rxe7+ Kf6 43. Rxa7 Rc6 44. Rec7 Rxc7 45. Rxc7 1-0

[Event "*** Titled Tuesday Blitz"]
[Site "Chess.com"]
[Date "2021.04.06"]
[Round "7"]
[White "ErikRonka"]
[Black "gahryman"]
[Result "0-1"]
[WhiteElo "2447"]
[BlackElo "2728"]
[TimeControl "180+1"]
[EndTime "11:17:58 PDT"]
[Termination "gahryman won by resignation"]

1. d4 Nf6 2. c4 g6 3. Nc3 Bg7 4. e4 d6 5. f3 O-O 6. Be3 Nbd7 7. Nh3 c5 8. d5 a6 9. a4 Ne5 10. Nf2 e6 11. Be2 exd5 12. cxd5 Rb8 13. O-O Re8 14. f4 Ned7 15. Qc2 b6 16. Rae1 Bb7 17. g4 Nxd5 18. Nxd5 Bxd5 19. Bxa6 Bc6 20. Rd1 Nf6 21. Bd3 d5 22. e5 Nd7 23. Bb5 Bxb5 24. axb5 d4 25. Bxd4 cxd4 26. Rxd4 Qe7 27. Qc7 Nxe5 28. Qxe7 Nf3+ 29.
Kg2 Rxe7 30. Re4 Rxe4 31. Nxe4 Nd4 32. f5 Re8 33. Nd6 Re2+ 34. Kg1 Be5 35. Nc4 Bxh2+ 36. Kh1 Bc7 37. fxg6 hxg6 38. Rd1 Nf3 0-1

[Event "*** Titled Tuesday Blitz"]
[Site "Chess.com"]
[Date "2021.04.06"]
[Round "7"]
[White "ApoIogiA"]
[Black "morte-negra"]
[Result "0-1"]
[WhiteElo "2176"]
[BlackElo "1959"]
[TimeControl "180+1"]
[EndTime "11:17:58 PDT"]
[Termination "morte-negra won by resignation"]

1. d4 Nf6 2. c4 c5 3. d5 e6 4.
Nc3 exd5 5. cxd5 d6 6. e4 g6 7. f3 Bg7 8. Nge2 O-O 9. Ng3 h5 10. Be2 h4 11. Nf1 a6 12. a4 Nbd7 13. Be3 Rb8 14.
Nd2 Ne5 15. O-O Bd7 16. h3 b5 17. f4 Nc4 18. Bxc4 bxc4 19. Nxc4 Qe7 20. Qc2 Nh5 21.
Rae1 Ng3 22. Rf3 Bxc3 23. Qxc3 Qxe4 24. Bf2 Qxd5 25. Rd3 Qh5 26. Rxd6 Be6 27. Rexe6 fxe6 28. Rd7 Ne2+ 29. Kf1 Nxc3 0-1

[Event "*** Titled Tuesday Blitz"]
[Site "Chess.com"]
[Date "2021.04.06"]
[Round "7"]
[White "ri4mi"]
[Black "HouseOfDurin"]
[Result "1-0"]
[WhiteElo "2350"]
[BlackElo "2161"]
[TimeControl "180+1"]
[EndTime "11:17:59 PDT"]
[Termination "ri4mi won on time"]

1. e4 c5 2. Nc3 Nc6 3. Nf3 e5 4. Bc4 g6 5. O-O h6 6. d3 Bg7 7. Be3 d6 8. a4 a5 9. Nd5 Nge7 10.
Qd2 Be6 11. c3 f5 12. Nxe7 Qxe7 13. Bxe6 Qxe6 14. d4 cxd4 15. cxd4 d5 16. exf5 Qxf5 17. dxe5 O-O-O 18. Rfc1 Kb8 19. Rxc6 bxc6 20. Qxa5 Rd7 21.
Nd4 Qd3 22. Nxc6+ Kb7 23. Qb6+ Kc8 24. Na7+ Rxa7 25. Rc1+ 1-0

[Event "*** Titled Tuesday Blitz"]
[Site "Chess.com"]
[Date "2021.04.06"]
[Round "7"]
[White "Cptn2"]
[Black "Abund"]
[Result "0-1"]
[WhiteElo "2529"]
[BlackElo "2737"]
[TimeControl "180+1"]
[EndTime "11:18:00 PDT"]
[Termination "Abund won by resignation"]

1. e4 c5 2. Nf3 d6 3. d4 cxd4 4. Nxd4 Nf6 5. Nc3 a6 6. Bg5 e6 7.
f4 Be7 8. Qf3 Qc7 9. O-O-O Nbd7 10. g4 h6 11. Bxf6 Bxf6 12. h4 Nb6 13. g5 Bxd4 14. Rxd4 Qc5 15. Rd2 Bd7 16. Bg2 Nc4 17.
Rd3 Bc6 18. Rhd1 Qb4 19. Re1 Qxb2+ 20. Kd1 hxg5 21. Rd4 Qb4 22. Ke2 Rxh4 23. fxg5 Qc5 24. Qd3 Ne5 25. Qe3 O-O-O 26. Red1 Rh2 27. Kf1 f6 28.
Kg1 Rh4 29. Qf2 Rg4 30. Ne2 Rxg5 31. Nf4 Ng4 32. Nxe6 Nxf2 33. Nxc5 Nxd1 34. Ne6 Ne3 35. Nxg5 fxg5 36. Bh3+ g4 37. Kf2 0-1

[Event "*** Titled Tuesday Blitz"]
[Site "Chess.com"]
[Date "2021.04.06"]
[Round "7"]
[White "OlifantCZ"]
[Black "eduardoperalta"]
[Result "0-1"]
[WhiteElo "2296"]
[BlackElo "2497"]
[TimeControl "180+1"]
[EndTime "11:18:02 PDT"]
[Termination "eduardoperalta won by resignation"]

1. c4 Nf6 2. g3 g6 3. Bg2 Bg7 4. Nc3 O-O 5. e4 d6 6. Nge2 c5 7. O-O Nc6 8. d3 Bg4 9. f3 Bd7 10. h3 Ne8 11. Be3 Nc7 12. d4 cxd4 13. Nxd4 Ne6 14. Nxc6 Bxc6 15. Rc1 Qa5 16. Kh2 Rfc8 17. Qd2 h5 18. h4 a6 19. b3 b5 20. Nd5 Qxd2 21. Bxd2 Bxd5 22. exd5 Nc5 23. Bg5 f6 24. Be3 b4 25. Bxc5 Rxc5 26. Rfe1 Kf7 27. Bh3 f5 28. g4 Be5+ 29. Kg2 Kf6 30. Rc2 a5 31. Rce2 hxg4 32.
fxg4 a4 33. gxf5 gxf5 34. Rf1 f4 35. Rf3 axb3 36. axb3 Rca5 37. Be6 Ra1 38. Kh2 Rh8 39.
Rxe5 Rxh4+ 40. Kg2 dxe5 41. c5 e4 42. Rh3 Ra2+ 0-1

[Event "*** Titled Tuesday Blitz"]
[Site "Chess.com"]
[Date "2021.04.06"]
[Round "7"]
[White "Kobalia"]
[Black "Beca95"]
[Result "1/2-1/2"]
[WhiteElo "2779"]
[BlackElo "2914"]
[TimeControl "180+1"]
[EndTime "11:18:04 PDT"]
[Termination "Game drawn by repetition"]

1. e4 e5 2. Nf3 Nc6 3. Bb5 a6 4. Bxc6 dxc6 5. O-O Bd6 6. d4 exd4 7. Qxd4 f6 8. Re1 Ne7 9. Nbd2 Be6 10. b3 Ng6 11. Nc4 Be7 12. Bb2 c5 13. Qxd8+ Rxd8 14. Ne3 Kf7 15. g3 Rd7 16. Nf5 Rhd8 17. Nxe7 Nxe7 18.
Kg2 h6 19. h3 a5 20. Bc3 Nc6 21. Re2 b5 22. a3 b4 23. axb4 axb4 24. Be1 c4 25.
bxc4 Bxc4 26. Re3 Rd1 27. Rxd1 Rxd1 28. Nd2 Bb5 29. Nb3 g5 30. f4 h5 31. Bf2 Bc4 32. Re1 Rxe1 33. Bxe1 Bxb3 34. cxb3 g4 35. hxg4 hxg4 36.
Kf2 f5 37. exf5 Kf6 38. Ke3 Kxf5 39. Kd3 Na5 40. Bxb4 Nxb3 41. Kc3 Nc1 42. Kd2 Nb3+ 43. Kc3 Nc1 44. Kd2 Nb3+ 45. Kc3 1/2-1/2

[Event "*** Titled Tuesday Blitz"]
[Site "Chess.com"]
[Date "2021.04.06"]
[Round "7"]
[White "Mamedyarov_twitch"]
[Black "Angry_Twin"]
[Result "0-1"]
[WhiteElo "2998"]
[BlackElo "2900"]
[TimeControl "180+1"]
[EndTime "11:18:05 PDT"]
[Termination "Angry_Twin won by resignation"]

1. e4 c5 2. c3 Nf6 3. e5 Nd5 4. Bc4 e6 5. d4 cxd4 6. cxd4 d6 7. Nf3 Nc6 8. O-O Be7 9. Qc2 O-O 10. Nc3 Nxc3 11.
bxc3 dxe5 12. dxe5 Qa5 13. Qe4 Qa4 14. Bg5 h6 15.
Bxe7 Nxe7 16. Rad1 Bd7 17. Qe2 Rac8 18. Bb3 Qc6 19.
h3 Rfd8 20. Nd4 Qc5 21. Kh2 Qxc3 22. f4 a6 23. f5 Nxf5 24. Nxf5 exf5 25. Rd6 Bb5 26.
Bxf7+ Kxf7 27. Rxf5+ Kg8 28. Qh5 Rxd6 29. Qf7+ Kh8 30.
exd6 Qc6 31. Qe7 Qd7 32. Qe5 Rd8 0-1

[Event "*** Titled Tuesday Blitz"]
[Site "Chess.com"]
[Date "2021.04.06"]
[Round "7"]
[White "kikydu96"]
[Black "Trankuilizer"]
[Result "1-0"]
[WhiteElo "2448"]
[BlackElo "2571"]
[TimeControl "180+1"]
[EndTime "11:18:05 PDT"]
[Termination "kikydu96 won by resignation"]

1. e4 c5 2. Nf3 d6 3. d4 cxd4 4. Nxd4 Nf6 5. Nc3 a6 6. a3 e5 7. Nf5 Bxf5 8. exf5 d5 9. Bg5 d4 10. Bxf6 gxf6 11. Ne4 Nc6 12. Bd3 Bg7 13. Qg4 Kf8 14. O-O h5 15. Qf3 Rc8 16. Rad1 Qb6 17. b4 a5 18. Nd6 Rd8 19. Nc4 Qc7 20. b5 Ne7 21. b6 Qc5 22. Qxb7 Bh6 23. Rb1 Kg7 24. Qa6 Nd5 25. Rb5 Qe7 26. b7 Nc7 27. Qc6 Nxb5 28.
Qxb5 e4 29. Re1 e3 30. fxe3 dxe3 31. Nxa5 Rd7 32. Nc6 Qd6 33. b8=Q Rxb8 34. Nxb8 Rc7 35. Na6 Rc3 36. Qb4 Qe5 37. Re2 Rc8 38. g3 h4 39.
Qxh4 Qa1+ 40. Kg2 Qxa3 41. Nb4 Qc3 42. Nd5 Qe5 43. Qg4+ Kf8 44. Qb4+ Kg7 45. Nf4 Bxf4 46. Qxf4 Qc3 47. Qxe3 1-0

[Event "*** Titled Tuesday Blitz"]
[Site "Chess.com"]
[Date "2021.04.06"]
[Round "7"]
[White "VladaSviridova"]
[Black "elegant285"]
[Result "0-1"]
[WhiteElo "2226"]
[BlackElo "2369"]
[TimeControl "180+1"]
[EndTime "11:18:05 PDT"]
[Termination "elegant285 won on time"]

1. d4 Nf6 2. c4 e6 3. Nf3 Bb4+ 4.
Bd2 Qe7 5. g3 Nc6 6. Bg2 Bxd2+ 7. Nbxd2 d6 8. O-O h5 9. e4 h4 10.
d5 Ne5 11. Nxh4 Rxh4 12. gxh4 Ng6 13. h5 Nf4 14. Bf3 Nd7 15. Kh1 Ne5 16. Rg1 Kf8 17.
Rg3 exd5 18. cxd5 Qf6 19. Qg1 Ned3 20. Nc4 Nh3 21. Rxh3 Bxh3 22. Qg3 Bd7 23. Rg1 Re8 24. b3 b5 25. Ne3 Re5 26. h4 Rxe4 27. Bxe4 Nxf2+ 28.
Kh2 Nxe4 29. Qg5 Nxg5 30. hxg5 Qf2+ 31. Ng2 Qf3 32. Re1 Qxh5+ 33. Kg1 Qxg5 34. Re3 c6 0-1

[Event "*** Titled Tuesday Blitz"]
[Site "Chess.com"]
[Date "2021.04.06"]
[Round "7"]
[White "DFeco"]
[Black "MVM2008"]
[Result "1-0"]
[WhiteElo "2329"]
[BlackElo "2128"]
[TimeControl "180+1"]
[EndTime "11:18:05 PDT"]
[Termination "DFeco won by resignation"]

1. c4 Nf6 2. g3 e6 3. Bg2 d5 4. Nf3 c6 5. O-O Be7 6. b3 O-O 7. Bb2 Nbd7 8. e3 b6 9. Nc3 Bb7 10. Rc1 Rc8 11. d4 c5 12. cxd5 Nxd5 13. Nxd5 Bxd5 14.
Nd2 Bxg2 15. Kxg2 cxd4 16. Bxd4 Bf6 17. Bxf6 Nxf6 18. Nc4 Qd5+ 19. Qxd5 Nxd5 20. e4 Nb4 21. a3 Nd3 22. Rc3 b5 23. Rxd3 bxc4 24. bxc4 Rxc4 25. Rd7 Ra4 26. Ra1 g6 27. f3 Rb8 28. Ra2 Rb3 29. Rc2 Raxa3 30. Rc8+ Kg7 31. f4 Rb2+ 32. Kh3 Raa2 33. Rcc7 Rxh2+ 34. Kg4 Ra5 35. Rxf7+ Kg8 36. Rxa7 h5+ 37. Kf3 Ra3+ 38. Rxa3 Kxf7 39. Ra7+ Kf8 40. e5 Rb2 41. Rc7 Rb3+ 42. Kg2 Rb2+ 43. Kh3 Rb6 44. Kh4 Rb3 45. Ra7 Rb4 46. Kg5 Rb3 47. Kf6 Ke8 48.
Kxe6 Kd8 49. Ra8+ Kc7 50. Kf6 Rxg3 51. e6 Rf3 52. e7 Rxf4+ 53. Kxg6 Re4 54. e8=Q 1-0

[Event "*** Titled Tuesday Blitz"]
[Site "Chess.com"]
[Date "2021.04.06"]
[Round "7"]
[White "Olkaa"]
[Black "DonBroca"]
[Result "1-0"]
[WhiteElo "2647"]
[BlackElo "2219"]
[TimeControl "180+1"]
[EndTime "11:18:06 PDT"]
[Termination "Olkaa won by checkmate"]

1. d4 Nf6 2. Nc3 g6 3. e4 Bg7 4. e5 Ng8 5. Nf3 d6 6. Bc4 dxe5 7. Nxe5 e6 8. h4 Nf6 9. h5 Nxh5 10. Rxh5 gxh5 11. Qxh5 Bxe5 12. dxe5 Nc6 13. Be3 Qe7 14. O-O-O Bd7 15. Bg5 Qc5 16. Bf6 Rf8 17. Bb3 Qxf2 18. Kb1 Qf5 19. Qe2 Ne7 20. Nb5 Rc8 21. Nxa7 Ra8 22. Nb5 Rc8 23. Ba4 Nd5 24. Bh4 f6 25.
exf6 Nxf6 26. Nd4 Qe4 27. Bxd7+ Kxd7 28. Qb5+ c6 29. Qxb7+ Rc7 30. Nb5+ Nd5 31. Qxc7+ Ke8 32. Nd6# 1-0

[Event "*** Titled Tuesday Blitz"]
[Site "Chess.com"]
[Date "2021.04.06"]
[Round "7"]
[White "Aleksey_Sorokin"]
[Black "Orest_Vovk"]
[Result "1-0"]
[WhiteElo "2795"]
[BlackElo "2594"]
[TimeControl "180+1"]
[EndTime "11:18:07 PDT"]
[Termination "Aleksey_Sorokin won on time"]

1. d4 Nc6 2. Nf3 d6 3. c4 Bg4 4. Nc3 e5 5. d5 Nb8 6. Qd3 Na6 7. h3 Bh5 8. g4 Bg6 9. e4 Nc5 10. Qc2 a5 11. Be3 b6 12. Bg2 Nf6 13. Nd2 Nfd7 14.
O-O-O Be7 15. Nf3 h5 16. g5 h4 17. Kb1 Qc8 18. Rdg1 Qa6 19. Bf1 a4 20. Be2 Qa5 21.
Bd2 Qa6 22. Rg4 Nb3 23. Be3 Ndc5 24. Nb5 Kd7 25. Nxh4 Bh5 26. Nf5 Bd8 27. Nxg7 Bxg4 28. Bxg4+ Ke7 29. Nf5+ Kf8 30. h4 Qa5 31. h5 Qb4 32. a3 Qa5 33. Ka2 Na6 34. Rg1 Nb4+ 35. axb4 Qxb4 36. Qc3 Qxc3 37. Nxc3 Na5 38. Be2 Nxc4 39.
Bxc4 Rxh5 40. Bb5 Rh4 41. Bc6 Ra5 42. g6 fxg6 43. Rxg6 a3 44. bxa3 Rh7 45. a4 Rh1 46. Kb2 Rh7 47. Kc2 Bh4 48. Bh6+ Rxh6 49. Rxh6 Bg5 50.
Rh7 Bf4 51. Bd7 Rc5 52. Be6 1-0

[Event "*** Titled Tuesday Blitz"]
[Site "Chess.com"]
[Date "2021.04.06"]
[Round "7"]
[White "AlexSuv"]
[Black "The_filthy"]
[Result "1-0"]
[WhiteElo "2579"]
[BlackElo "2382"]
[TimeControl "180+1"]
[EndTime "11:18:07 PDT"]
[Termination "AlexSuv won by resignation"]

1. d4 d5 2. c4 c6 3. Nc3 Nf6 4. e3 g6 5. Nf3 Bg7 6. Be2 dxc4 7. Bxc4 O-O 8. O-O Bg4 9. h3 Bxf3 10. Qxf3 Nbd7 11. Rd1 e5 12. Bb3 exd4 13. exd4 Qa5 14. Bf4 Qb4 15. Rac1 Nb6 16. Be5 Nh5 17. Bxg7 Nxg7 18.
Ne4 Nf5 19. g4 Nxd4 20. Qe3 Rad8 21. Nf6+ Kg7 22. Nh5+ gxh5 23. Qg5+ Kh8 24. Qf6+ Kg8 25. Bxf7+ Rxf7 26. Qxd8+ Kg7 27. Qxd4+ Qxd4 28. Rxd4 Nd5 29. Re1 Nf4 30. Kh2 c5 31. Rd6 hxg4 32. hxg4 Ng6 33. Kg3 Ne5 34. Rxe5 1-0

[Event "*** Titled Tuesday Blitz"]
[Site "Chess.com"]
[Date "2021.04.06"]
[Round "7"]
[White "Rytenko_V"]
[Black "Eliwood44"]
[Result "0-1"]
[WhiteElo "2374"]
[BlackElo "2516"]
[TimeControl "180+1"]
[EndTime "11:18:07 PDT"]
[Termination "Eliwood44 won by checkmate"]

1. d4 Nf6 2. c4 e6 3. Nc3 d5 4. Nf3 Be7 5. Bg5 Nbd7 6. e3 h6 7. Bh4 O-O 8. Bd3 dxc4 9. Bxc4 c5 10. O-O cxd4 11. Nxd4 Nb6 12. Be2 e5 13. Nf3 e4 14.
Nd4 Bd7 15. Bxf6 Bxf6 16. Nxe4 Be7 17. Rc1 Re8 18. Bf3 Ba4 19. b3 Bd7 20. Nc5 Bc8 21. Qc2 Nd5 22. Rfd1 Nb4 23. Qc4 Qb6 24. Na4 Qa5 25. a3 Nc6 26. Nxc6 bxc6 27. Bxc6 Be6 28. Qe2 Bxb3 29. Bxa8 Rxa8 30. Nc3 Bxd1 31. Qxd1 Qxa3 32. Nd5 Bf8 33. Qc2 Rd8 34. e4 a5 35. Rd1 Rb8 36. h3 a4 37. Qc7 Qb3 38. Re1 a3 39. Re3 Qb1+ 40. Kh2 a2 41. Rf3 a1=Q 42. Qxf7+ Kh8 43. Rg3 Qh1# 0-1

[Event "*** Titled Tuesday Blitz"]
[Site "Chess.com"]
[Date "2021.04.06"]
[Round "7"]
[White "catzapto"]
[Black "northridgehawk"]
[Result "0-1"]
[WhiteElo "2076"]
[BlackElo "2313"]
[TimeControl "180+1"]
[EndTime "11:18:07 PDT"]
[Termination "northridgehawk won on time"]

1. e4 e5 2. Nf3 Nc6 3. d4 exd4 4. Bc4 Nf6 5. e5 d5 6. Bb5 Ne4 7. Nxd4 Bd7 8. Bxc6 bxc6 9. O-O Bc5 10. Be3 Qe7 11. f3 Nd6 12. f4 Nc4 13. Bc1 O-O 14.
b3 Nb6 15. Bb2 f6 16. exf6 Rxf6 17. Kh1 Raf8 18. g3 Rh6 19. Nd2 Re8 20. N4f3 Bg4 21.
Re1 Re6 22. Rxe6 Qxe6 23. Qe1 Qf7 24. Qf1 Nd7 25. Re1 Be3 26. Qd3 Bb6 27. Rxe8+ Qxe8 28. Kg2 Nc5 29. Qc3 Qe2+ 30. Kh1 Bxf3+ 31. Nxf3 Ne6 32. Qd3 Qf2 33. f5 Be3 34. Qd1 Nc5 35. Ng1 Ne4 36. Nh3 Qxf5 37. Qe2 Nxg3+ 38. hxg3 Qxh3+ 39. Qh2 Qf1+ 0-1

[Event "*** Titled Tuesday Blitz"]
[Site "Chess.com"]
[Date "2021.04.06"]
[Round "7"]
[White "Tpros"]
[Black "madamDD"]
[Result "0-1"]
[WhiteElo "2507"]
[BlackElo "2393"]
[TimeControl "180+1"]
[EndTime "11:18:08 PDT"]
[Termination "madamDD won by resignation"]

1. c4 b6 2. d3 Bb7 3. Nc3 Nf6 4. a3 g6 5. Bf4 Bg7 6. Qd2 d6 7. Bh6 O-O 8. h4 Nbd7 9. h5 Bxh6 10. Qxh6 Ne5 11.
hxg6 fxg6 12. Nh3 Nf7 13. Qh4 Qd7 14. f3 d5 15. cxd5 Bxd5 16. e4 Bb7 17. O-O-O c5 18.
Kb1 b5 19. Ne2 b4 20. axb4 cxb4 21. d4 Qa4 22. Qe1 Rac8 23. Rd2 Nxe4 24. Nc1 Nxd2+ 25. Qxd2 b3 26. Bd3 Rxc1+ 27. Kxc1 Qa1+ 28. Bb1 Rc8+ 29. Kd1 Qxb1+ 0-1

[Event "*** Titled Tuesday Blitz"]
[Site "Chess.com"]
[Date "2021.04.06"]
[Round "7"]
[White "Skat2704"]
[Black "TengisChess"]
[Result "1-0"]
[WhiteElo "2639"]
[BlackElo "2512"]
[TimeControl "180+1"]
[EndTime "11:18:09 PDT"]
[Termination "Skat2704 won by checkmate"]

1. d4 d5 2. Nf3 c6 3. c4 Nf6 4. Nc3 e6 5. Bg5 Nbd7 6. e3 Qa5 7. Nd2 Bb4 8. Qc2 Ne4 9. Ndxe4 dxe4 10. Bh4 O-O 11. a3 f5 12. Be2 Bd6 13. c5 Bb8 14. b4 Qc7 15. Be7 Rf7 16. Bd6 Qd8 17. Bxb8 Rxb8 18. O-O g5 19. Bc4 Nf6 20. f3 exf3 21. Rxf3 Kh8 22. Rd1 g4 23. Rff1 Qe7 24. e4 Rg7 25. e5 Nd5 26. Bxd5 exd5 27. Ne2 Be6 28. Nf4 g3 29. h3 Ra8 30. Nxe6 Qxe6 31. Rxf5 Rag8 32.
Rf6 Qe8 33. Rdf1 Qh5 34. Qd3 Rg6 35. R6f5 Rg5 36. Rxg5 Qxg5 37. Qf3 Kg7 38. Qf7+ Kh8 39. e6 Qe3+ 40. Kh1 Qxd4 41. e7 Qe5 42. a4 d4 43.
Qxg8+ Kxg8 44. Rf8+ Kg7 45. e8=Q Qg5 46. Rg8+ Kh6 47.
Rxg5 d3 48. Qe5 d2 49. Qf6# 1-0

[Event "*** Titled Tuesday Blitz"]
[Site "Chess.com"]
[Date "2021.04.06"]
[Round "7"]
[White "Anton_Demchenko"]
[Black "GrigoriyM2001"]
[Result "0-1"]
[WhiteElo "2847"]
[BlackElo "2548"]
[TimeControl "180+1"]
[EndTime "11:18:09 PDT"]
[Termination "GrigoriyM2001 won by resignation"]

1. e4 c6 2. d4 d5 3. Nc3 dxe4 4. Nxe4 Bf5 5. Ng3 Bg6 6. N1e2 Nf6 7. c3 Nbd7 8. h4 h6 9. Nf4 Bh7 10. Bd3 Bxd3 11.
Nxd3 e6 12. Nh5 Nxh5 13. Qxh5 Nf6 14. Qf3 Qd5 15. Qxd5 Nxd5 16. h5 Bd6 17. Bd2 O-O-O 18. a4 Rhe8 19. Kd1 e5 20. dxe5 Bxe5 21. Kc2 Bd6 22.
Rae1 Nf6 23. f3 Bg3 24. Rxe8 Rxe8 25. Rh3 Bd6 26. g4 Nd5 27. c4 Nc7 28. Bc3 f6 29. f4 Re2+ 30. Kb3 Rg2 31. Rh4 Ne6 32. f5 Ng5 33. Ne1 Rg1 34. Nc2 Bg3 35. Bd4 Rd1 36. Ne3 Rxd4 37. Rh1 Rd3+ 38. Kc2 Rxe3 0-1

[Event "*** Titled Tuesday Blitz"]
[Site "Chess.com"]
[Date "2021.04.06"]
[Round "7"]
[White "ural58"]
[Black "Goryachkina"]
[Result "0-1"]
[WhiteElo "2482"]
[BlackElo "2629"]
[TimeControl "180+1"]
[EndTime "11:18:09 PDT"]
[Termination "Goryachkina won on time"]

1. e4 c5 2. b3 e5 3. Bb2 d6 4. f4 exf4 5. Qf3 Nf6 6. Qxf4 Be7 7. Bb5+ Bd7 8. Bxd7+ Nbxd7 9. Nf3 Nf8 10. Nc3 Ng6 11.
Qg3 O-O 12. O-O-O d5 13. exd5 Nxd5 14. h4 Nxc3 15. dxc3 Qb8 16. Qxb8 Raxb8 17. Rd7 Rfd8 18. Rhd1 Rxd7 19. Rxd7 Bxh4 20. Ba3 Bf2 21. Kb2 Nf8 22. Re7 Ne6 23. Ne5 Bh4 24. Rd7 Nf8 25. Rc7 Ne6 26. Rd7 Bf6 27. Nxf7 b5 28. b4 a5 29. Kb1 Bxc3 30.
bxc5 b4 31. Bc1 Nxc5 32. Ra7 Bd4 0-1

[Event "*** Titled Tuesday Blitz"]
[Site "Chess.com"]
[Date "2021.04.06"]
[Round "7"]
[White "IANOV0007"]
[Black "DarZay"]
[Result "1/2-1/2"]
[WhiteElo "2466"]
[BlackElo "2215"]
[TimeControl "180+1"]
[EndTime "11:18:09 PDT"]
[Termination "Game drawn by repetition"]

1. Nf3 Nf6 2. g3 d5 3. Bg2 e6 4. O-O Be7 5. c4 O-O 6. b3 c6 7. Bb2 Nbd7 8. d3 b6 9. Nbd2 Bb7 10. Qc2 c5 11. e4 d4 12. Rae1 e5 13. Nh4 g6 14.
Bc1 Ng4 15. h3 Bxh4 16. hxg4 Bg5 17. f4 exf4 18. gxf4 Bh4 19. Re2 Nf6 20. Bf3 Bg3 21.
Nb1 h5 22. g5 Nh7 23. Rg2 h4 24. Bg4 f5 25. gxf6 Nxf6 26. Qe2 Bc8 27. f5 gxf5 28. Bxf5 Qc7 29. Bf4 Qg7 30. Bxg3 hxg3 31. Qf3 Bxf5 32.
exf5 Kh7 33. Rxg3 Qxg3+ 34. Qxg3 Rg8 35. Kh2 Rxg3 36. Kxg3 Re8 37. Nd2 Re3+ 38. Rf3 Re2 39. Nf1 Rxa2 40. Kf4 Re2 41. Ng3 Re1 42. Ne4 Kg7 43.
Rg3+ Kf7 44. Nxf6 Kxf6 45. Rg6+ Kf7 46. Rc6 Re3 47. Kg5 Rg3+ 48. Kf4 Rxd3 49. Rc7+ Kf6 50. Rc6+ Kf7 51. Rc7+ Kf6 52. Rc6+ Kf7 1/2-1/2

[Event "*** Titled Tuesday Blitz"]
[Site "Chess.com"]
[Date "2021.04.06"]
[Round "7"]
[White "korkmaz16"]
[Black "annamaja"]
[Result "0-1"]
[WhiteElo "2405"]
[BlackElo "2276"]
[TimeControl "180+1"]
[EndTime "11:18:09 PDT"]
[Termination "annamaja won by resignation"]

1. e4 e6 2. d4 d5 3. e5 c5 4. c3 Nc6 5. Nf3 Qb6 6. Bd3 Bd7 7. dxc5 Bxc5 8. b4 Bf8 9. O-O Nge7 10. Be3 Qc7 11. Re1 Ng6 12. Na3 Rc8 13. Nb5 Qb8 14.
Bxg6 hxg6 15. Bf4 Nxb4 16. Nd6+ Bxd6 17. exd6 Rxc3 18. Bd2 Rc4 19. Ne5 Rch4 20. Nxd7 Kxd7 21. Bxb4 Rxb4 22. Rb1 Qxd6 23. h3 Rc8 24. Qf3 Ke7 25.
Qe3 b6 26. Qg5+ Kf8 27. Rxb4 Qxb4 28. Re3 Qe7 29. Qf4 Rc1+ 30. Kh2 Qc7 31. Qxc7 Rxc7 32.
a3 Ke7 33. h4 Kd6 34. Kg3 e5 35. Kg4 d4 36. Re1 Kd5 37. Kg5 Rc2 38. Rf1 Ra2 0-1

[Event "*** Titled Tuesday Blitz"]
[Site "Chess.com"]
[Date "2021.04.06"]
[Round "7"]
[White "Supernotar"]
[Black "EvgenyT"]
[Result "1/2-1/2"]
[WhiteElo "2698"]
[BlackElo "2918"]
[TimeControl "180+1"]
[EndTime "11:18:11 PDT"]
[Termination "Game drawn by agreement"]

1. d4 Nf6 2. c4 e6 3. Nf3 b6 4. g3 Bb7 5. Bg2 Bb4+ 6. Nbd2 O-O 7. O-O a5 8. b3 Bc3 9. Rb1 d6 10. Qc2 Bxd2 11. Nxd2 Bxg2 12. Kxg2 e5 13. Bb2 Nc6 14. dxe5 dxe5 15. Ne4 Re8 16. Rbd1 Qe7 17. Nxf6+ Qxf6 18. Qe4 Qe6 19. Qd5 Nb4 20. Qxe6 Rxe6 21. Rd7 Rc8 22. Rfd1 Kf8 23. Ba3 Ke8 24. Bxb4 axb4 25. Kf3 Re7 26.
Rxe7+ Kxe7 27. Ke4 Ke6 28. g4 Ra8 29. Rd2 f6 30. e3 g6 31. f4 f5+ 32. gxf5+ gxf5+ 33.
Kf3 e4+ 34. Kf2 c5 35. Kf1 Rg8 36. Kf2 h5 37. Kf1 Ra8 38. Kf2 Rg8 39. Kf1 Rh8 40.
Rg2 Kf6 41. Rd2 Ke7 42. Rd5 Ke6 43. Rd2 Rg8 44. Rg2 Rxg2 45. Kxg2 Kf6 46. Kg3 Kg6 1/2-1/2

[Event "*** Titled Tuesday Blitz"]
[Site "Chess.com"]
[Date "2021.04.06"]
[Round "7"]
[White "Willhaven3"]
[Black "hleol"]
[Result "1-0"]
[WhiteElo "2505"]
[BlackElo "2334"]
[TimeControl "180+1"]
[EndTime "11:18:11 PDT"]
[Termination "Willhaven3 won by resignation"]

1. d4 d5 2. Nf3 Nf6 3. c4 c6 4. Nc3 e6 5. cxd5 exd5 6. Bg5 Be7 7.
Qc2 O-O 8. e3 Nbd7 9. Bd3 Re8 10. h3 Nf8 11. Bf4 Ne6 12. Bh2 g6 13. g4 Ng7 14.
O-O-O b5 15. Ne5 Qb6 16. Kb1 a5 17. Ne2 Bb7 18. Rc1 c5 19. dxc5 Qa7 20. c6 Ba6 21.
Nd4 b4 22. Nb5 Qb6 23. Nd4 Bxd3 24. Qxd3 Ne4 25. Nd7 Qd8 26. Rhf1 Rc8 27. Nb5 Rxc6 28. Rxc6 Qxd7 29. Rc7 Qe6 30. Rcc1 Rd8 31. f3 Nc5 32. Qd4 Qb6 33. Bc7 Qxb5 34. Bxd8 Nce6 35. Qe5 Bxd8 36. Rfd1 f6 37. Qxd5 Qe2 38. Qd3 Qxf3 39. Rc8 Kf7 40. Rxd8 Nxd8 41. Qxd8 g5 42. Qd5+ Qxd5 43. Rxd5 1-0

[Event "*** Titled Tuesday Blitz"]
[Site "Chess.com"]
[Date "2021.04.06"]
[Round "7"]
[White "annacramling"]
[Black "queen_iryna"]
[Result "0-1"]
[WhiteElo "2080"]
[BlackElo "2324"]
[TimeControl "180+1"]
[EndTime "11:18:11 PDT"]
[Termination "queen_iryna won by resignation"]

1. d4 d6 2. Nf3 g6 3. e4 Nf6 4. Bd3 Bg7 5. c3 O-O 6. O-O Nc6 7. Bg5 e5 8. Nbd2 exd4 9. cxd4 h6 10. Be3 Re8 11.
d5 Nb4 12. Bc2 Nxc2 13. Qxc2 Bg4 14. Nd4 Rc8 15. h3 Bd7 16. Qd3 c5 17. dxc6 bxc6 18. Rac1 c5 19. Ne2 Bc6 20. Nc3 Rb8 21. Nc4 Nxe4 22.
Nxe4 Bxe4 23. Qxd6 Bd3 24. Qxd8 Rexd8 25. Rfe1 Bxc4 26. Rxc4 Rxb2 27. Bxc5 Rxa2 28. Be3 a5 29. Rc5 a4 30. Ra5 Bc3 31. Rc1 Bxa5 32. Rc5 Bb6 33. Rb5 Bxe3 34. fxe3 a3 35. Ra5 Ra1+ 36. Kh2 a2 37.
Kg3 Rd2 38. h4 Rg1 0-1